 Dungeon Crawl Stone Soup version 0.29-a0-304-gb34f9e1 (webtiles) character file.

Game seed: 2263396383618740692

576 Think the Slasher (level 7, 0/52 HPs)
             Began as a Human Fighter on Mar 26, 2022.
             Was a Priest of Okawaru.
             Slain by a killer bee (6 damage)
             ... on level 4 of the Dungeon.
             The game lasted 00:07:35 (5074 turns).

Think the Slasher (Human Fighter)                   Turns: 5074, Time: 00:07:35

Health: 0/52       AC:  6    Str: 15 (18) XL:     7   Next: 62%
Magic:  7/7        EV:  8    Int:  6 (9)  God:    Okawaru [***...]
Gold:   248        SH:  4    Dex: 10 (12) Spells: 6/6 levels left

rFire   . . .      SeeInvis .   w - +1 long sword
rCold   . . .      Faith    +   c - +0 buckler
rNeg    . . .      Spirit   .   b - +0 scale mail
rPois   +          Reflect  .   (no helmet)
rElec   .          Harm     .   (no cloak)
rCorr   .          Rampage  .   (no gloves)
Will    .....                   (no boots)
Stlth   ..........              o - amulet of faith
HPRegen 0.17/turn               l - ring of poison resistance
MPRegen 0.10/turn               (no ring)

@: lethally poisoned (0 -> -2)
A: no striking features
a: Renounce Religion, Heroism


You were on level 4 of the Dungeon.
You worshipped Okawaru.
Okawaru was most pleased with you.
You visited 1 branch of the dungeon, and saw 5 of its levels.

You collected 248 gold pieces.

Inventory:

Hand Weapons
 s - a +4 dagger
 w - a +1 long sword (weapon)
Armour
 b - a +0 scale mail (worn)
 c - a +0 buckler (worn)
Jewellery
 d - a +6 ring of strength
 i - a ring of ice
 l - a ring of poison resistance (left hand)
 o - an amulet of faith (around neck)
Scrolls
 f - a scroll of noise {unknown}
 g - a scroll of fog {unknown}
 h - a scroll of acquirement {unknown}
 j - a scroll of enchant armour {unknown}
 k - a scroll of immolation {unknown}
 m - 6 scrolls of identify {unknown}


   Skills:
 - Level 3.0 Fighting
 + Level 7.9 Long Blades
 - Level 3.0 Armour
 - Level 3.0 Shields


You had 6 spell levels left.
You didn't know any spells.
Your spell library contained the following spells:

 Spells                   Type           Power      Damage    Failure   Level
 Beastly Appendage        Tmut           0%         N/A       94%         1
 Wereblood                Tmut           0%         N/A       98%         2
 Spider Form              Tmut/Pois      0%         N/A       100%        3
 Storm Form               Tmut/Air       0%         N/A       100%        7
 Maxwell's Capacitive Co  Air            0%         ∞         100%        8
 Summon Lightning Spire   Summ/Air       Unusable   N/A       N/A         4

Dungeon Overview and Level Annotations

Branches:
Dungeon (5/15)             Temple (0/1) D:4

Altars:
Okawaru
Uskayaw
Vehumet
Xom
Yredelemnul

Annotations:
D:3 2 transporters, arghonaut's ghost, amateur HOFi


Message History

(D) Dungeon (T) Temple
Where to? (Enter - D:5, ? - help)
You climb downwards.
The iguana hisses angrily.
The adder hisses angrily.
The killer bee buzzes angrily.
The killer bee stings you.
The killer bee stings you but does no damage. x3
The killer bee barely misses you. You block the killer bee's attack.
The quokka bites you. You block the killer bee's attack.
The killer bee stings you. x2
You are poisoned.
The killer bee poisons you!
There is a stone staircase leading up, spattered with blood here.
You feel sick. The killer bee stings you. The killer bee barely misses you.
The killer bee stings you but does no damage.
The quokka bites you.
The killer bee stings you but does no damage.
The killer bee closely misses you. The killer bee completely misses you.
You climb upwards.
You feel very sick.
There is a stone staircase leading down here.
It was a potion of degeneration.
There was something very wrong with that liquid.
You feel weakened.
You feel dopey.
You feel clumsy.
You feel sick. The killer bee stings you. x4
The killer bee barely misses you. The killer bee stings you.
* * * LOW HITPOINT WARNING * * *
You aren't carrying any potions.
As you read the scroll labelled YCSOCO YJIFF, it crumbles to dust.
It is a scroll of enchant weapon.
Your +0 long sword glows red for a moment.
You feel sick. The killer bee barely misses you. The killer bee stings you!
* * * LOW HITPOINT WARNING * * *
You block the killer bee's attack. x2; The killer bee barely misses you.
The killer bee stings you but does no damage.
As you read the scroll labelled KUL IDEKALA, it crumbles to dust.
You feel momentarily disoriented.
It was a scroll of magic mapping.
You feel sick. The killer bee barely misses you. x2
The killer bee stings you.
You die...

#........#.................
######.#...#.######.##...#.
#.###.#.# #.###.##.
#.###.#.# #........
#.......# #####.###
#####.### ##'## #y# ##...##
#y#### ##.....# #@##.##
##.......
#yyr..####........
#####.......'.....[(.
#....(...####........
#.#####.## ##....... #.#
#.# ##..)..# #.#####.#
##...## #.##....# ##+##
#.##.##.# #.#


You could see 4 killer bees and a quokka.

Vanquished Creatures
  An ogre (D:4)
  A phantom (D:4)
  2 scorpions (D:4)
  2 orc priests (D:4)
  An iguana (D:4)
  A jelly (D:4)
  An orc wizard (D:4)
  7 adders
  4 worms
  2 dart slugs
  8 orcs
  8 endoplasms
  4 giant cockroaches
  4 goblins
  5 hobgoblins
  5 jackals
  8 kobolds
  7 quokkas
  5 ball pythons
  5 bats
  A frilled lizard (D:2)
  2 rats (D:1)
84 creatures vanquished.

Notes
Turn   | Place    | Note
-------+----------+-------------------------------------------
     0 | D:1      | Think the Human Fighter began the quest for the Orb.
     0 | D:1      | Reached XP level 1. HP: 18/18 MP: 1/1
   178 | D:1      | Reached XP level 2. HP: 19/24 MP: 2/2
   536 | D:1      | Found a faded altar of an unknown god.
   585 | D:1      | Prayed at the altar of an unknown god.
   585 | D:1      | Became a worshipper of Warmaster Okawaru
   585 | D:1      | Reached * piety under Okawaru
   615 | D:1      | Reached skill level 3 in Long Blades
   886 | D:2      | Reached XP level 3. HP: 28/29 MP: 3/3
  1165 | D:2      | Reached skill level 4 in Long Blades
  1165 | D:2      | Reached XP level 4. HP: 33/35 MP: 4/4
  1899 | D:3      | Found a basalt altar of Yredelemnul.
  2031 | D:3      | Found a hide-covered altar of Uskayaw.
  2077 | D:3      | Found a transporter.
  2137 | D:3      | Found a transporter.
  2137 | D:3      | Noticed arghonaut's ghost (amateur HOFi)
  2420 | D:3      | Reached XP level 5. HP: 26/41 MP: 5/5
  2638 | D:3      | Reached skill level 5 in Long Blades
  2746 | D:3      | Found a shimmering altar of Xom.
  3209 | D:4      | Noticed a phantom
  3239 | D:4      | Killed a phantom
  3239 | D:4      | Reached ** piety under Okawaru
  3240 | D:4      | Reached XP level 6. HP: 40/47 MP: 6/6
  3403 | D:4      | Reached skill level 6 in Long Blades
  3904 | D:4      | Found a radiant altar of Vehumet.
  3954 | D:4      | Reached XP level 7. HP: 33/52 MP: 7/7
  4078 | D:4      | Reached skill level 7 in Long Blades
  4536 | D:4      | Found a staircase to the Ecumenical Temple.
  4915 | D:4      | Reached *** piety under Okawaru
  5065 | D:5      | Entered Level 5 of the Dungeon
  5074 | D:4      | Slain by a killer bee

Illustrated notes

Levels and vault maps discovered:
D:1:      minmay_arrival_semitransparent, layout_basic,
          shapermc_ecumenical_altar_notcrosses, minmay_misc_feat_columns
D:2:      layout_loops_ring
D:3:      layout_basic, mainiacjoe_overflow_surrounded_room,
          lemuel_doored_altar, mainiacjoe_overflow_cross_hatched,
          gammafunk_ghost_mausoleum
D:4:      layout_loops_corners, mainiacjoe_overflow_tiny_flanked,
          minmay_temple_entry_offerings, portal_sewer_entry_e
D:5:      layout_rooms

Skill      XL: |  1  2  3  4  5  6  7 |
---------------+----------------------+-----
Long Blades    | 3 4 5 6 7 |  7.9
Fighting       | |  3.0
Armour         | |  3.0
Shields        | |  3.0

Action                   |  1- 3 |  4- 6 |  7- 9 || total
-------------------------+-------+-------+-------++-------
Melee: Long sword        |    49 |   228 |    48 ||   325
       Dagger            |    47 |       |       ||    47
  Use: Potion            |       |     4 |     1 ||     5
       Scroll            |       |       |     2 ||     2
Armor: Scale mail        |    48 |    89 |    21 ||   158
Dodge: Dodged            |    41 |    94 |    30 ||   165
Block: Buckler           |    23 |    52 |    12 ||    87

Table legend: (Time is in decaauts)
 A = Elapsed time spent in this place.
 B = Non-inter-level travel time spent in this place.
 C = Inter-level travel time spent in this place.
 D = Time resting spent in this place.
 E = Time spent auto-exploring this place.
 F = Levels seen in this place.
 G = Mean time per level.
                   A        B        C        D        E       F      G
               +--------+--------+--------+--------+--------+-----+--------+
         Total |   5128 |   5029 |     99 |    700 |   3562 |   5 | 1025.6 |
       Dungeon |   5128 |   5029 |     99 |    700 |   3562 |   5 | 1025.6 |
               +--------+--------+--------+--------+--------+-----+--------+

Top non-repeatable levels by time:
     D:4: 2019 daAuts
     D:3: 1195 daAuts
     D:2: 1096 daAuts
     D:1: 812 daAuts
     D:5: 4 daAuts
